Cogmind - Beta 16.1 @@@ ROGUE MODE // 2026.02.23 @ 20:43:37 Player: Niko Result: Destroyed by S-10 Pest with Light Assault Rifle Performance ------------- Evolutions (2) 1000 Regions Visited (4) 800 Robots Destroyed (12) 60 Value Destroyed (290) 290 Prototype IDs (3) 60 Alien Tech Used (0) 0 Bonus (0) 0 TOTAL SCORE: 2210 Bonus ------- None Cogmind --------- Core Integrity 0/550 Matter 300/300 Energy 100/100 System Corruption 14% Temperature Cool (0) Movement Core (50) Location -8/Materials Parts ------- > --- POWER (1) -------- (None) > --- PROPULSION (4) --- (None) > --- UTILITY (4) ------ (None) > --- WEAPON (2) ------- (None) > --- INVENTORY (5) ---- Nuclear Core Reaction Control System Peak State ------------ > --- POWER ------------ Light Ion Engine > --- PROPULSION ------- Flight Unit Flight Unit Improved VTOL Module > --- UTILITY ---------- Experimental Sensor Array Hacking Suite > --- WEAPON ----------- Heavy Mace > --- INVENTORY -------- Reaction Control System Improved Assault Rifle Improved Assault Rifle Improved Assault Rifle [Rating: 23] Favorites ----------- Power Light Ion Engine Engine Light Ion Engine Propulsion Flight Unit Wheel Wheel Flight Unit Flight Unit Utility Small Storage Unit Device Experimental Sensor Array Storage Small Storage Unit Hackware Hacking Suite Weapon Improved Assault Rifle Energy Gun Medium Laser Ballistic Gun Improved Assault Rifle Impact Weapon Heavy Mace Build | -11 -10 -10 -10 -8 ------- Run | Yrd Mat Min Sub Mat Slots Evolved 4 | . . . . 4 Power . | . . . . . Propulsion 2 | . . . . 2 Utility 2 | . . . . 2 Weapon . | . . . . . Parts Attached 19 | 6 2 4 . 7 Power 2 | 1 . 1 . . Engine 2 | 1 . 1 . . Core . | . . . . . Reactor . | . . . . . Propulsion 8 | 2 . 2 . 4 Treads . | . . . . . Leg . | . . . . . Wheel 2 | 2 . . . . Hover . | . . . . . Flight 6 | . . 2 . 4 Utility 3 | 1 . 1 . 1 Device 1 | . . 1 . . Storage 1 | 1 . . . . Processor . | . . . . . Hackware 1 | . . . . 1 Protection . | . . . . . Artifact . | . . . . . Weapon 6 | 2 2 . . 2 Energy Gun 1 | 1 . . . . Energy Cannon . | . . . . . Ballistic Gun 4 | 1 2 . . 1 Ballistic Cannon . | . . . . . Launcher . | . . . . . Special Weapon . | . . . . . Impact Weapon 1 | . . . . 1 Slashing Weapon . | . . . . . Piercing Weapon . | . . . . . Special Melee Weapon . | . . . . . Unidentified Prototypes 3 | . 1 1 . 1 Parts Lost 12 | . 1 1 . 10 Power 2 | . . 1 . 1 Propulsion 5 | . . . . 5 Utility 2 | . . . . 2 Weapon 3 | . 1 . . 2 Highest Loss Streak 6 | . 1 1 . 6 To Critical Strikes . | . . . . . Average Backups 3 | 1 . 3 5 3 Power . | . . . 1 . Propulsion . | . . . 3 . Utility . | . . . . . Weapon 1 | . . 1 1 2 Tool/Special . | . . . . . Unused Backups 4 | . . 1 . 3 Power 2 | . . . . 2 Propulsion . | . . . . . Utility 1 | . . . . 1 Weapon 1 | . . 1 . . Tool/Special . | . . . . . Average Slot Usage (%) 74 | . 85 80 85 43 Engine 11 | . 14 11 14 6 Wheel 14 | . 28 22 . . Flight 9 | . . 1 28 17 Device 4 | . . 2 14 6 Storage 7 | . 14 13 . . Ballistic Gun 22 | . 24 28 28 4 Impact Weapon 1 | . . . . 5 Peak Build Rating 23 | 6 10 19 18 23 Average Rating 12 | 3 9 11 18 14 On Entrance 10 | . 6 10 18 18 Avg Prop Armor Cover (%) . | . . . . . Naked Turns 19 | . . . . 19 Heaviest Build 14 | 12 14 14 10 10 Greatest Support 26 | 26 26 26 8 16 Greatest Overweight (x) 3 | . . 3 1 . Average Overweight (x) . | . . . 1 . Largest Inventory Capacity 8 | 8 8 8 5 5 Average Capacity 6 | 6 8 7 5 5 Most Carried 8 | 5 3 8 5 5 Average Carried 3 | 1 . 3 5 3 Final Capacity 8 | 8 8 5 5 5 Final Carried 5 | . 2 5 5 2 Class Distribution -------------------- 95% | Mutant 4% | Scavenger-Mutant Dominant Class ---------------- Mutant | -10/Materials Mutant | -10/Mines Mutant | -10/Subcaves Mutant | -8/Materials Resources | -11 -10 -10 -10 -8 ----------- Run | Yrd Mat Min Sub Mat Matter Collected 519 | 242 . 143 22 112 Remotely . | . . . . . Salvage Created 443 | . . 190 . 253 Parts 16 | . . 11 . 5 Haulers Intercepted . | . . . . . Recyclers Shooed . | . . . . . Parts Field Recycled . | . . . . . Retrieved Matter . | . . . . . Parts Self-Destructed . | . . . . . Prevented . | . . . . . Parts Restored . | . . . . . Kills | -11 -10 -10 -10 -8 ------- Run | Yrd Mat Min Sub Mat Combat Hostiles Destroyed 11 | . . 6 . 5 Melee 2 | . . . . 2 Guns 8 | . . 6 . 2 Classes Destroyed 4 | . . 2 . 2 Recycler 1 | . . 1 . . Swarmer 6 | . . 6 . . Grunt 4 | . . . . 4 Brawler 1 | . . . . 1 Best Kill Streak 3 | . . 3 . 2 Combat Bots Only 3 | . . 3 . 2 Max Kills in Single Turn 2 | . . 2 . 1 Gunslinging 1 | . . 1 . . Exploded . | . . . . . Melee 1 | . . . . 1 Uniques/NPCs Destroyed . | . . . . . Combat | -11 -10 -10 -10 -8 -------- Run | Yrd Mat Min Sub Mat Hostile Shots Fired 114 | . . 20 . 94 Missed 33 | . . 3 . 30 Hits 81 | . . 17 . 64 Melee 3 | . . . . 3 Projectile 78 | . . 17 . 61 Critical Strikes 4 | . . . . 4 Damage Taken 1157 | . . 143 . 1014 Core 560 | . . 10 . 550 Absorbed by Shields . | . . . . . Core Remaining (%) 98 | 100 . . 96 . Volleys Fired 33 | . 3 12 . 18 Largest 2 | . 2 2 . 2 Hottest 46 | . 46 46 . 46 Shots Fired 52 | . 6 24 . 22 Gun 52 | . 6 24 . 22 Cannon . | . . . . . Launcher . | . . . . . Special . | . . . . . Kinetic 52 | . 6 24 . 22 Thermal . | . . . . . Explosive . | . . . . . Electromagnetic . | . . . . . Robot Hit Streak 9 | . . 4 . 9 Robot Miss Streak 6 | . . 6 . 2 Penetration Max . | . . . . . Secondary Targets 1 | . . 1 . . Max Gunslinging Chain 1 | . . 1 . . Shots Hit Robots 33 | . . 11 . 22 Core Hits 15 | . . 8 . 7 Critical Kills 1 | . . . . 1 Critical Parts Destroyed 1 | . . . . 1 Critical Strikes 2 | . . . . 2 Smash 2 | . . . . 2 Melee Attacks 10 | . . . . 10 Impact 10 | . . . . 10 Slashing . | . . . . . Piercing . | . . . . . Sneak Attacks 1 | . . . . 1 Combat Hostiles 1 | . . . . 1 Follow-up Attacks . | . . . . . Damage Inflicted 857 | . . 162 . 695 Guns 414 | . . 162 . 252 Cannons . | . . . . . Explosions . | . . . . . Melee 420 | . . . . 420 Ramming 23 | . . . . 23 Kinetic 414 | . . 162 . 252 Thermal . | . . . . . Explosive . | . . . . . Electromagnetic . | . . . . . Impact 420 | . . . . 420 Slashing . | . . . . . Piercing . | . . . . . Highest Corruption 14 | . . . . 14 Average Corruption 13 | . . . . 13 Corruption Purged . | . . . . . Corruption Blocked . | . . . . . Effects 4 | . . . . 4 Message Errors 1 | . . . . 1 Heat Flow Errors 1 | . . . . 1 Parts Rejected 1 | . . . . 1 Weapon Failures 1 | . . . . 1 Overload Shots . | . . . . . Overflow Damage 71 | . . . . 71 Projectiles . | . . . . . Explosions . | . . . . . Melee 71 | . . . . 71 Knockbacks 1 | . . . . 1 Impact 1 | . . . . 1 Kinetic . | . . . . . Secondary . | . . . . . Self-Inflicted Damage 11 | . . . . 11 Shots . | . . . . . Rammed 2 | . . . . 2 Targets Rammed 2 | . . . . 2 Kicked . | . . . . . Crushed . | . . . . . Highest Temperature 277 | . . . . 277 Average Temperature 136 | . . . . 136 Received Heat Transfer 513 | . . . . 513 Siege Activations . | . . . . . Martial Activations . | . . . . . Shielding Activations . | . . . . . Robots Disrupted . | . . . . . Combat Hostiles . | . . . . . Robots Corrupted 1 | . . . . 1 Combat Hostiles 1 | . . . . 1 Parts Fried 2 | . . . . 2 Impact Corruptions 3 | . . . . 3 Robots Melted . | . . . . . Combat Hostiles . | . . . . . Parts Melted . | . . . . . Heat Transferred . | . . . . . Parts Sabotaged . | . . . . . Parts Stolen . | . . . . . Parts Stripped . | . . . . . Power Chain Reactions . | . . . . . Alert | -11 -10 -10 -10 -8 ------- Run | Yrd Mat Min Sub Mat Maximum Alert Level . | . . . . . Low Security (%) 100 | 100 100 100 . 100 Level 1 . | . . . . . Level 2 . | . . . . . Level 3 . | . . . . . Level 4 . | . . . . . Level 5 . | . . . . . High Security . | . . . . . Max Security . | . . . . . Peak Influence 75 | . 30 75 . 73 Initial 5 | . . 5 . . Average 21 | . 4 30 . 30 Influence Increases 378 | . 45 145 . 188 Destroy 0b10 Robot/C 220 | . . 120 . 100 Destroy 0b10 Robot/NC 5 | . . 5 . . Destroy Leader 30 | . . 20 . 10 Successful Hack 3 | . . . . 3 Partial Spotted 15 | . . . . 15 Lose Combat Pursuer 105 | . 45 . . 60 Influence Decreases 345 | . 30 135 25 155 Entered New Map 23 | . . 10 13 . Time Decay 222 | . 30 115 12 65 Lost Part 100 | . . 10 . 90 Squads Dispatched 2 | . 2 . . . Investigation 1 | . 1 . . . Extermination . | . . . . . Reinforcement 1 | . 1 . . . Assault . | . . . . . Garrison . | . . . . . Intercept . | . . . . . Searches Triggered . | . . . . . Construction Impeded . | . . . . . Haulers Reinforced . | . . . . . Active Scanning Responses . | . . . . . Cargo Convoy Interrupts . | . . . . . Stealth | -11 -10 -10 -10 -8 --------- Run | Yrd Mat Min Sub Mat Distress Signals 1 | . . . . 1 Communications Jammed . | . . . . . Distress Signals . | . . . . . Times Spotted 26 | . 4 6 . 16 Peak Tracking Total 7 | . 3 3 . 7 Tactical Retreats 4 | . 2 . . 2 Traps | -11 -10 -10 -10 -8 ------- Run | Yrd Mat Min Sub Mat Traps Triggered . | . . . . . Indirectly . | . . . . . Trap Hack Attempts . | . . . . . Triggered . | . . . . . Disarmed . | . . . . . Reprogrammed . | . . . . . Reused . | . . . . . Traps Extracted . | . . . . . Installed . | . . . . . Triggered . | . . . . . Machines | -11 -10 -10 -10 -8 ---------- Run | Yrd Mat Min Sub Mat Machines Disabled . | . . . . . Max in Single Turn . | . . . . . Machines Repaired . | . . . . . Machines Dismantled . | . . . . . Machines Sabotaged . | . . . . . Overloaded Fab Kills . | . . . . . Hacking | -11 -10 -10 -10 -8 --------- Run | Yrd Mat Min Sub Mat Machines Accessed 3 | . 2 . . 1 Terminals 3 | . 2 . . 1 Fabricators . | . . . . . Repair Stations . | . . . . . Recycling Units . | . . . . . Scanalyzers . | . . . . . Garrison Access . | . . . . . Total Hacks 9 | . 5 . . 4 Successful 3 | . 1 . . 2 Failed 6 | . 4 . . 2 Catastrophic 1 | . 1 . . . Database Lockouts . | . . . . . Manual 1 | . 1 . . . Terminals 9 | . 5 . . 4 Fabricators . | . . . . . Repair Stations . | . . . . . Recycling Units . | . . . . . Scanalyzers . | . . . . . Garrison Access . | . . . . . Terminal Hacks 3 | . 1 . . 2 Record 1 | . . . . 1 Terminal Index 1 | . 1 . . . Investigation Status 1 | . . . . 1 Fabricator Hacks . | . . . . . Repair Station Hacks . | . . . . . Recycling Unit Hacks . | . . . . . Scanalyzer . | . . . . . Garrison Access Hacks . | . . . . . Unauthorized Hacks . | . . . . . Terminals . | . . . . . Fabricators . | . . . . . Repair Stations . | . . . . . Recycling Units . | . . . . . Scanalyzers . | . . . . . Garrison Access . | . . . . . Data Cores Recovered . | . . . . . Used . | . . . . . Hacking Detections 2 | . 1 . . 1 Full Trace Events 1 | . 1 . . . Feedback Events . | . . . . . Feedback Blocked . | . . . . . Robot Schematics Acquired . | . . . . . Robots Built . | . . . . . Authchips . | . . . . . Time . | . . . . . Total Robot Build Rating . | . . . . . Part Schematics Acquired . | . . . . . Parts Built . | . . . . . Authchips . | . . . . . Time . | . . . . . Total Part Build Rating . | . . . . . Part Studies Acquired . | . . . . . Parts Repaired . | . . . . . Time . | . . . . . Parts Recycled . | . . . . . Recycled Matter . | . . . . . Retrieved Matter . | . . . . . Retrieved Components . | . . . . . Parts Scanalyzed . | . . . . . Part Schematics Acquired . | . . . . . Parts Damaged . | . . . . . Bothacking | -11 -10 -10 -10 -8 ------------ Run | Yrd Mat Min Sub Mat Used RIF Installer . | . . . . . Robots Hacked . | . . . . . Non-combat . | . . . . . Combat . | . . . . . Robot Hacks Applied . | . . . . . Relay Couplers Released . | . . . . . Fabnet Peak Effective % . | . . . . . Robots Rewired . | . . . . . Allies Hacked . | . . . . . Hacks Repelled . | . . . . . Allies | -11 -10 -10 -10 -8 -------- Run | Yrd Mat Min Sub Mat Total Allies . | . . . . . Largest Group . | . . . . . Highest-Rated Group . | . . . . . Highest-Rated Ally . | . . . . . Total Orders . | . . . . . Ally Attacks . | . . . . . Total Damage . | . . . . . Kills . | . . . . . Allies Corrupted . | . . . . . Allies Melted . | . . . . . Intel | -11 -10 -10 -10 -8 ------- Run | Yrd Mat Min Sub Mat Active Infowar (turns) 320 | . . 67 149 104 Sensors 320 | . . 67 149 104 Robot Analysis Total . | . . . . . Derelict Logs Recovered 1 | . . . 1 . Drone Launches . | . . . . . Drone Recoveries . | . . . . . Exploration | -11 -10 -10 -10 -8 ------------- Run | Yrd Mat Min Sub Mat Turns Passed 855 | 34 195 298 149 179 Spaces Moved 708 | 30 197 118 125 238 Core 31 | 11 . 12 . 8 Treads . | . . . . . Legs . | . . . . . Wheels 304 | 19 197 88 . . Hover . | . . . . . Flight 373 | . . 18 125 230 Fastest Speed 31 | 50 90 90 117 31 Average Speed 78 | 75 90 105 117 34 Slowest Speed 200 | 90 90 200 117 50 Overloaded Moves . | . . . . . Propulsion Burnouts . | . . . . . Robots Hopped 7 | . . . . 7 Potential Cave-ins . | . . . . . Cave-ins Triggered . | . . . . . Exploration Rate (%) 16 | 4 29 22 11 17 Regions Visited 4 Branch Regions 2 Pre-discovered Areas 1 | . . . 1 . Known Exits Taken . | . . . . . Unknown Exits Taken 4 | 1 1 1 1 . Scrap Searched 1 | . . 1 . . Spaces Dug . | . . . . . Terrain Destroyed . | . . . . . Melee . | . . . . . Projectile . | . . . . . AOE . | . . . . . Terrain Rammed . | . . . . . Walls Destroyed . | . . . . . Machines Disabled . | . . . . . Actions | -11 -10 -10 -10 -8 --------- Run | Yrd Mat Min Sub Mat Total 934 | 40 210 269 127 288 Wait 137 | . . 124 3 10 Move 690 | 29 196 117 124 224 Hop 7 | . . . . 7 Pick Up 21 | 5 5 8 . 3 Fast Attach 3 | 1 . . . 2 Attach 19 | 5 3 4 . 7 Detach 3 | . 1 . . 2 Swap . | . . . . . Drop 9 | . 2 4 . 3 Fire 33 | . 3 12 . 18 Melee 10 | . . . . 10 Ram 2 | . . . . 2 Kick . | . . . . . Crush . | . . . . . Escape Stasis . | . . . . . Rewire . | . . . . . Trap . | . . . . . Miscellaneous . | . . . . . Route ------- -11/Scrapyard -10/Materials -10/Mines -10/Subcaves -8/Materials History --------- Turn | Location | Event 6 | -11/Scrapyard | Discovered new exit (range 16) 35 | -11/Scrapyard | Entered Materials 169 | -10/Materials | Discovered new exit (range 15) 230 | -10/Materials | Entered Mines 309 | -10/Mines | Build established: Mutant 419 | -10/Mines | Discovered new exit (range 9) 458 | -10/Mines | Found a damaged Exp. Sensor Array with a note attached 460 | -10/Mines | Found Prototype Device 461 | -10/Mines | Identified Exp. Sensor Array 528 | -10/Mines | Entered Subcaves 563 | -10/Subcaves | Shifting Twisted Machinery released Battle Cannon 565 | -10/Subcaves | Shifting Twisted Machinery released Flamer 565 | -10/Subcaves | Learned location of Zion (-6) 656 | -10/Subcaves | Discovered new exit (range 14) 677 | -10/Subcaves | Entered Materials 677 | -8/Materials | Evolved 4 slots: Propulsion x2, Utility x2 786 | -8/Materials | Lost 4 parts (4n) 799 | -8/Materials | System corruption reached 10% 829 | -8/Materials | Core integrity fell below 50% 853 | -8/Materials | Core integrity fell below 20% 856 | -8/Materials | Destroyed by S-10 Pest with Light Assault Rifle Last Messages --------------- System corrupted: Imp. Assault Rifle rejected. [Achievement: There's More Where That Came From] K-01 Serf collects debris. Electrolysis Chamber disabled. R-06 Scavenger collects Imp. Assault Rifle. R-06 Scavenger collects Hvy. Mace. R-06 Scavenger collects Imp. VTOL Module. G-47 Trooper destroyed. System corrupted: Heat flow error (+288). R-06 Scavenger collects Particle Gun. R-06 Scavenger collects Imp. Heat Sink. Imp. Assault Rifle destroyed. Acquired 19 matter. K-01 Serf collects debris. L2LFV Z8 KN4W4 :W6HJL8>IOS Slammed into G-47 Trooper. [Achievement: For Emergencies Only] K-01 Serf collects debris. Acquired 45 matter. Slammed into S-10 Pest. Map ----- +----------------------------------------------------+ | ????????????????????????# ########?? | | ????????????????????????# #????????? | | ????????######??###?????# #????????? | | ????????# """ #?????# #????????? | | ????????# """"" #?????# #????????? | | ????????# """"" #?????# #????????? | | ????????# ! """"" #?????# #????????? | | ????????# """ #?????# #????????? | | ????????# ] #?????# #???####?? | | ???# ???# #?????# #?? ?? | | ???# ??# * #?????# #? """ ?? | | +### #####+############ # """ ?? | | # """ ? | | + # | | # """ ? | | ########### ############# # """ ?? | | # = # #?????????#"" #? """ ?? | | # # #?????????#"Y #?? ?? | | # !!! + +?????????#"" #???####?? | | #! !!! # #?????????### #????????? | | # !!! # #???????????# #????????? | | # ?# #???????????# #????????? | | # ?# #???????????# #????????? | | # = ??# #??????????## ##???????? | | ########### #???######## ####????? | | # + #???# %@s" %#????? | | # ! # #???#""" ss# ## #????? | | # # #???#""" ###### #????? | | # ?# #???#"" g # %# #????? | | # """ """?# #???# Y Yk!# # #????? | | # """ ""??# "???#% # # #????? | | ??""" ""??# T"??######## ! + #????? | | ?? ???# ""#????????# # #????? | | ???##?????# ###????????# "# #????? | | ??????????# #??????????# T# #????? | | ??????????# #??????????# "# #????? | | ??????????# #??????????# # #????? | | ??????????? #????????######## ###??? | | ??????????? #????????# # #??? | | ??????????? +????????# # #??? | | ??????????? #????????# + #??? | | ??????????? ?????????#! # #??? | | ???????????????????????# # #??? | | ???????????????????????# " /## ##??? | | ???????????????????????# T ## #???? | | ???????????????????????# " ## #???? | | ???????????????????????# ## #???? | | ???????????????????????####### #???? | | ???????????????????????########+###??? | | ???????????????????????# # | +----------------------------------------------------+ Best States ------------- Heat Dissipation 31 Energy Generation 10 Energy Capacity 125 Matter Stores 300 Matter Capacity 300 Sight Range 16 Robot Scan Range 20 Terrain Scan Density 10 Evasion (%) 63 Offensive Hacking 10 Item Schematics ----------------- None Robot Schematics ------------------ None Fabricated ------------ Nothing Repaired ---------- Nothing Studied --------- None Alien Tech Used ----------------- None Achievements -------------- DATA ERROR: Steam Global Achievement% For Emergencies Only Organ Harvest Overwhelming There's More Where That Came From Challenges ------------ None Game ------ Seed SubdwellerWeightImpeller Manual? 0 Play Time 00:13:49 Cumulative 37.7 hours Start 2026.02.23 @ 20:31:53 End 2026.02.23 @ 20:43:37 Sessions 1 Manual Loads 0 Difficulty Rogue Special Mode None Game No. 68 Rogue 68 Adventurer 0 Explorer 0 Win Type - Total 0 Types 0/0/0/0/0/0/0/0/0/0 Lore% 24 Gallery% 28 Achievement% 18 Wizard Run 0 Options --------- Layout 1 ASCII 0 Keyboard 0 Movement Mouse Keybinds 0 Fullscreen 1 Font 32/SmallcapsGlow Map View 50x35 Zoom Use 0% Tactical HUD 0 Map Filters NONE Filters NONE Steam 1 RUN: 030dda96-1ad1-4101-a5fe-f5c34de146f0